 Dungeon Crawl Stone Soup version 0.28.0-45-g0d030f2227 (webtiles) character file.

Game seed: 16617013246785566706

113 Iusername the Covered (level 4, 0/41 HPs)
             Began as a Minotaur Fighter on Apr 4, 2022.
             Succumbed to Crazy Yiuf's poison
             ... on level 2 of the Dungeon.
             The game lasted 00:06:06 (1710 turns).

Iusername the Covered (Minotaur Fighter)            Turns: 1710, Time: 00:06:06

Health: 0/41       AC:  8    Str: 21    XL:     4   Next: 65%
Magic:  3/3        EV: 14    Int: 10    God:
Gold:   93         SH:  4    Dex:  9    Spells: 3/3 levels left

rFire   . . .      SeeInvis .   n - +4 dagger of Honesty {vamp, rElec Int+3}
rCold   . . .      Faith    .   c - +0 buckler
rNeg    . . .      Spirit   .   b - +0 scale mail
rPois   .          Reflect  .   (helmet restricted)
rElec   +          Harm     .   j - +0 cloak
rCorr   .          Rampage  .   (no gloves)
Will    .....                   (no boots)
Stlth   ..........              (no amulet)
HPRegen 0.13/turn               (no ring)
MPRegen 0.08/turn               (no ring)

@: mighty, agile, lethally poisoned (0 -> -1), invisible
A: horns 2, retaliatory headbutt
a: no special abilities


You were on level 2 of the Dungeon.
You visited 1 branch of the dungeon, and saw 2 of its levels.

You collected 93 gold pieces.

Inventory:

Hand Weapons
 a - a +0 trident
 d - a +3 quarterstaff of chaos
 f - a +1 dagger of speed
 k - a +2 hunting sling of flaming
 n - the +4 dagger of Honesty (weapon) {vamp, rElec Int+3}
   (You found it on level 2 of the Dungeon)

   It occasionally heals its wielder for a portion of the damage dealt when it
   wounds a living foe.
   Int:       It affects your intelligence (+3).
   rElec:     It insulates you from electricity.
Missiles
 m - 71 stones (quivered)
Armour
 b - a +0 scale mail (worn)
 c - a +0 buckler (worn)
 j - a +0 cloak (worn)
 u - a +0 cloak of stealth
Scrolls
 e - a scroll of vulnerability {unknown}
 g - a scroll of fog {unknown}
 l - a scroll of acquirement {unknown}
 o - a scroll of holy word {unknown}
 q - a scroll of amnesia {unknown}
 r - a scroll of torment {unknown}
 s - a scroll of fear {unknown}
 t - a scroll of enchant weapon {unknown}
Potions
 h - a potion of cancellation {unknown}
 i - a potion of flight {unknown}
 p - a potion of berserk rage {unknown}


   Skills:
 + Level 4.3 Fighting
 + Level 1.5 Short Blades
 + Level 3.0 Polearms
 + Level 0.4 Slings
 + Level 4.6 Armour
 + Level 0.2 Dodging
 + Level 0.1 Stealth
 + Level 4.4 Shields


You had 3 spell levels left.
You didn't know any spells.
Your spell library was empty.

Dungeon Overview and Level Annotations

Branches:
Dungeon (2/15)

Altars:


Innate Abilities, Weirdness & Mutations

You have a pair of horns on your head.
You reflexively headbutt those who attack you in melee.


Message History

Crazy Yiuf is moderately wounded.
You feel very sick. You block Crazy Yiuf's attack.
You closely miss Crazy Yiuf.
Crazy Yiuf is moderately wounded.
* * * LOW HITPOINT WARNING * * *
You feel very sick. You block Crazy Yiuf's attack.
You feel very mighty all of a sudden.
* * * LOW HITPOINT WARNING * * *
You feel sick.
Crazy Yiuf hits you with a +3 quarterstaff of chaos.
* * * LOW HITPOINT WARNING * * *
You fade into invisibility!
You hit Crazy Yiuf.
You feel better.
Your headbutt misses Crazy Yiuf.
Crazy Yiuf is heavily wounded.
* * * LOW HITPOINT WARNING * * *
You feel sick. Crazy Yiuf closely misses you.
You puncture Crazy Yiuf!
You feel better.
Your headbutt misses Crazy Yiuf.
Crazy Yiuf is almost dead.
You feel sick.
Crazy Yiuf says, "You infinity down!"
Crazy Yiuf hits you but does no damage.
You barely miss Crazy Yiuf.
Crazy Yiuf is almost dead.
You feel sick.
Crazy Yiuf hits you with a +3 quarterstaff of chaos.
* * * LOW HITPOINT WARNING * * *
You feel agile all of a sudden.
You completely miss Crazy Yiuf. You headbutt Crazy Yiuf.
You kill Crazy Yiuf!
* * * LOW HITPOINT WARNING * * *
You feel sick.
* * * LOW HITPOINT WARNING * * *
You feel sick.
There is an open translucent door, spattered with blood here.
Things that are here:
a +3 quarterstaff of chaos; a +0 cloak of stealth
d - a +3 quarterstaff of chaos;
u - a +0 cloak of stealth You die...

##### #..)#
###### #...#
.....# #...#
####.# #@#
.###.###
♣♣.♣
.......#
♣.♣♣
####.#.##
♣♣.♣
........#
♣.♣♣
####.#..#
♣♣.♣♣ #.#..#
♣..P♣♣
####.#..#
♣P...♣
.....#..####
#....#


There were no monsters in sight!

Vanquished Creatures
  Crazy Yiuf (D:2)
  An orc wizard (D:2)
  2 adders (D:2)
  2 dart slugs (D:1)
  3 orcs (D:2)
  2 endoplasms (D:1)
  3 giant cockroaches
  5 goblins
  2 hobgoblins
  A kobold (D:2)
  2 quokkas (D:2)
  4 ball pythons
  3 bats
  2 frilled lizards
  A rat (D:2)
34 creatures vanquished.

Notes
Turn   | Place    | Note
-------+----------+-------------------------------------------
     0 | D:1      | Iusername the Minotaur Fighter began the quest for the Orb.
     0 | D:1      | Reached XP level 1. HP: 19/19 MP: 0/0
   509 | D:1      | Reached XP level 2. HP: 27/27 MP: 1/1
   716 | D:1      | Found a faded altar of an unknown god.
  1068 | D:2      | Reached XP level 3. HP: 23/33 MP: 2/2
  1327 | D:2      | Identified the +4 dagger of Honesty {vamp, rElec Int+3}
  1346 | D:2      | Reached XP level 4. HP: 38/40 MP: 3/3
  1588 | D:2      | Reached skill level 1 in Short Blades
  1691 | D:2      | Found a runed translucent door.
  1692 | D:2      | Noticed Crazy Yiuf
  1708 | D:2      | Killed Crazy Yiuf
  1708 | D:2      | HP: 2/40 [poisoned by Crazy Yiuf]
  1710 | D:2      | Succumbed to Crazy Yiuf's poison

Illustrated notes

Levels and vault maps discovered:
D:1:      lemuel_arrival_behind_the_door_small, layout_loops_ring,
          hellmonk_ecumenical_altar_lost_god
D:2:      layout_loops_ring, uniq_crazy_yiuf_cottage

Skill      XL: |  1  2  3  4 |
---------------+-------------+-----
Fighting       | 4 |  4.3
Armour         | 4 |  4.6
Shields        | 4 |  4.4
Polearms       | 3 |  3.0
Short Blades   | 1 |  1.5
Slings         | |  0.4
Dodging        | |  0.2
Stealth        | |  0.1

Action                   |  1- 3 |  4- 6 || total
-------------------------+-------+-------++-------
Melee: Trident           |    13 |       ||    13
       Dagger            |    29 |    35 ||    64
       Headbutt          |     8 |     2 ||    10
       Hunting sling     |     3 |       ||     3
 Fire: Hunting sling     |    10 |       ||    10
  Use: Potion            |       |     1 ||     1
Armor: Scale mail        |    21 |    10 ||    31
Dodge: Dodged            |    23 |    14 ||    37
Block: Buckler           |    12 |     7 ||    19
